AoeStats
← AiM | CyclopsTron

African Clearing

504144869Analyzed
4v4 RM · 28d ago on Sep 4, 2026· 22m 33s· 8 players
Game mode
Random Map
Map size
Large (8 player)
Population
200
Speed
Normal
Resources
Standard
Victory
Conquest
Starting age
Dark Age
Ending age
Imperial Age
RankedLock teamsTeams togetherTeam positionsShared explorationLock speedFull tech treeHidden civsTurbo modeCheats
Victory
Defeat
🇲🇽 Mapuche · Mexico
1648
+8
🇨🇱 Tupi · Chile
1529
+12
🇨🇱 Mongols · Chile
1451
+16
🇨🇱 Magyars · Chile
1252
+24
🇯🇵 Vietnamese · Japan
1463
-16
🇬🇹 Huns · Guatemala
1453
-15
🇧🇷 Khmer · Brazil
1443
-15
🇺🇸 Chinese · United States
1433
-14
Chris Bosh the Dinosaurman
3:27 Loom
14:17 Feudal Age
18:31 Castle Age
17:07 Double-Bit Axe
17:25 Horse Collar
18:20 Gold Mining
Keishi
9:58 Loom
12:57 Feudal Age
13:50 Double-Bit Axe
14:07 Gold Mining
17:23 Fletching
17:20 Horse Collar
[LCDR] MATHEUS
3:25 Loom
11:24 Feudal Age
12:35 Town Watch
16:17 Castle Age
14:52 Double-Bit Axe
16:42 Stone Mining
Itachi_+_+
3:10 Loom
13:09 Feudal Age
18:20 Castle Age
16:53 Fletching
18:32 Gold Mining
18:28 Double-Bit Axe
18:57 Bodkin Arrow
21:39 Wheelbarrow
AiM | CyclopsTron
4:44 Loom
5:36 Loom
12:26 Feudal Age
18:01 Castle Age
16:02 Double-Bit Axe
17:25 Fletching
20:55 Bodkin Arrow
23:23 Ballistics
AiM | Walter Quiver
13:46 Feudal Age
12:49 Loom
14:55 Double-Bit Axe
17:35 Castle Age
16:18 Fletching
18:55 Bow Saw
18:45 Bodkin Arrow
23:08 Ballistics
AiM | Pau
4:12 Loom
12:02 Feudal Age
21:55 Castle Age
22:27 Bloodlines
AiM | Shuffle
12:09 Loom
13:56 Feudal Age
18:34 Castle Age
16:49 Fletching
18:13 Double-Bit Axe
20:08 Bow Saw
20:30 Bodkin Arrow
Connection lost

Rejoining the realm…

Still unreachable

The connection could not be restored.

Session expired

The server has moved on; the page needs a fresh start.